 Dungeon Crawl Stone Soup version 0.20-a0-513-g02c11fc (webtiles) character file.

671 nubinia the Charmwright (level 7, -1/36 HPs)
             Began as a Deep Elf Conjurer on Jan 22, 2017.
             Was a Follower of Sif Muna.
             Shot with an arrow by a centaur (10 damage)
             ... on level 5 of the Dungeon.
             The game lasted 00:17:25 (4164 turns).

nubinia the Charmwright (Deep Elf Conjurer)         Turns: 4164, Time: 00:17:26

Health: -1/36      AC:  4    Str:  5    XL:     7   Next: 32%
Magic:  4/16       EV: 14    Int: 21    God:    Sif Muna [*.....]
Gold:   215        SH:  0    Dex: 20    Spells: 6/16 levels left

rFire    + . .     SeeInvis .   q - +1 dagger of the Trees {holy, Dex+4}
rCold    . . .     Gourm    .   h - +2 robe {rN+}
rNeg     + . .     Faith    .   (no shield)
rPois    .         Spirit   .   (no helmet)
rElec    .         Reflect  .   (no cloak)
rCorr    .         Harm     .   (no gloves)
MR       .....                  (no boots)
Stlth    +++.......             (no amulet)
Regen    0.2/turn               (no ring)
                                i - ring of protection from fire

@: very slightly contaminated, divine energy
A: no striking features
a: Stop Divine Energy, Renounce Religion


You were on level 5 of the Dungeon.
You worshipped Sif Muna.
Sif Muna was aware of your devotion.
You were near starving.

You visited 2 branches of the dungeon, and saw 6 of its levels.

You collected 215 gold pieces.

Inventory:

Hand Weapons
 d - a +5 spear of flaming
 e - a +2 mace of protection
 q - the +1 dagger of the Trees (weapon) {holy, Dex+4}
   (You found it on level 4 of the Dungeon)

   It has been blessed by the Shining One to cause great damage to the undead
   and demons.
   It affects your dexterity (+4).
Armour
 h - a +2 robe of positive energy (worn)
 r - the cursed +1 ring mail of the Princeling {+Blink Str+3 Int-2, unknown}
   (You found it on level 5 of the Dungeon)

   It affects your strength (+3).
   It affects your intelligence (-2).
   It lets you blink.
   It has a curse placed upon it.
Jewellery
 i - a ring of protection from fire (left hand)
Scrolls
 o - 2 scrolls of enchant armour
Potions
 a - a potion of berserk rage
 g - 2 potions of heal wounds
 k - a potion of curing
 m - a potion of agility
 n - a potion of might
 p - a potion of cure mutation
Books
 b - a book of Conjurations

   Spells                             Type                      Level
   a - Magic Dart                     Conjuration                  1
   b - Searing Ray                    Conjuration                  2
   c - Dazzling Spray                 Conjuration/Hexes            3
   d - Fulminant Prism                Conjuration/Hexes            4
   e - Iskenderun's Mystic Blast      Conjuration                  4
   f - Iskenderun's Battlesphere      Conjuration/Charms           5
Comestibles
 c - 2 bread rations
 f - a meat ration
 j - 3 royal jellies
 l - 5 fruits


   Skills:
 - Level 3.0 Dodging
 - Level 4.0 Stealth
 - Level 5.0 Spellcasting
 - Level 6.4 Conjurations
 + Level 7.3 Charms


You had 6 spell levels left.
You knew the following spells:

 Your Spells              Type           Power        Failure   Level  Hunger
a - Magic Dart            Conj           ####         1%          1    None
b - Iskenderun's Mystic   Conj           ####....     10%         4    ####...
c - Iskenderun's Battles  Conj/Chrm      ####....     21%         5    #####..


Dungeon Overview and Level Annotations

Branches:
Dungeon (5/15)             Temple (1/1) D:4

Altars:
Fedhas
Okawaru
Sif Muna
Trog
The Shining One

Annotations:
D:3 MirrMurr's ghost, amateur OgWz


Message History

You are near starving!
The centaur shoots an arrow.
The arrow completely misses you.
A ball python comes into view.
Okay, then.
Unknown command.
The centaur shoots an arrow.
The arrow hits you.
You see here an arrow.
The ball python hisses angrily.
The centaur shoots an arrow.
The arrow hits you!
* * * LOW HITPOINT WARNING * * *
A worker ant comes into view.
You see here an arrow.
Unknown command.
The centaur shoots an arrow.
The arrow barely misses you.
You see here an arrow.
The centaur shoots an arrow.
The arrow closely misses you.
You see here an arrow.
There is an open door here.
The centaur shoots an arrow.
The arrow hits you!
You die...

#........#
#c...(...#
#...(...!#
#$..(..(.#
##.S.##### #.(.#
#.(.# ##'##
######@#######
..#............#
...............#
#.....)..........
+.#####'#####....
#..#....# ...
#..#.#..# ##
#.......#
#....##.#


You could see a centaur and a ball python.

Vanquished Creatures
  A phantom (D:5)
  2 ogres (D:4)
  A necrophage (D:5)
  2 scorpions (D:5)
  An orc wizard (D:3)
  A worker ant (D:4)
  A worker ant zombie (D:5)
  7 adders
  An ooze (D:1)
  An adder zombie (D:5)
  An adder skeleton (D:4)
  3 worms (D:2)
  2 dart slugs
  3 leopard geckos
  6 orcs
  7 bats
  3 giant cockroaches
  8 goblins
  5 hobgoblins
  4 jackals
  A ball python (D:2)
  5 frilled lizards
  A jackal zombie (D:5)
  8 kobolds
  9 rats
84 creatures vanquished.

Notes
Turn   | Place    | Note
-------+----------+-------------------------------------------
     0 | D:1      | nubinia the Deep Elf Conjurer began the quest for the Orb.
     0 | D:1      | Reached XP level 1. HP: 10/10 MP: 6/6
   241 | D:1      | Reached XP level 2. HP: 15/15 MP: 6/8
   676 | D:1      | Reached skill level 5 in Conjurations
   676 | D:1      | Reached XP level 3. HP: 19/19 MP: 5/9
  1137 | D:2      | Reached XP level 4. HP: 24/24 MP: 3/11
  1202 | D:2      | Learned a level 4 spell: Iskenderun's Mystic Blast
  1797 | D:3      | Reached XP level 5. HP: 28/28 MP: 8/13
  2043 | D:3      | Noticed MirrMurr's ghost (amateur OgWz)
  2325 | D:3      | Noticed an orc warrior
  2683 | D:4      | Noticed an ogre
  2690 | D:4      | Killed an ogre
  2690 | D:4      | Reached skill level 5 in Spellcasting
  2690 | D:4      | Reached XP level 6. HP: 32/32 MP: 4/15
  2927 | D:4      | Noticed a moth of wrath
  2929 | D:4      | Found a bloodstained altar of Trog.
  2956 | D:4      | Got a smoking dagger
  2957 | D:4      | Identified the +1 dagger of the Trees {holy, Dex+4} (You found it on level 4 of the Dungeon)
  3001 | D:4      | Found a staircase to the Ecumenical Temple.
  3006 | Temple   | Entered the Ecumenical Temple
  3025 | Temple   | Became a worshipper of Sif Muna the Loreminder
  3032 | Temple   | Learned a level 5 spell: Iskenderun's Battlesphere
  3053 | D:4      | Found a bloodstained altar of Trog.
  3098 | D:4      | Reached skill level 3 in Charms
  3581 | D:5      | Entered Level 5 of the Dungeon
  3593 | D:5      | Reached skill level 4 in Charms
  3688 | D:5      | Reached skill level 6 in Charms
  3688 | D:5      | Reached XP level 7. HP: 16/36 MP: 2/16
  4018 | D:5      | Got a citrine-studded ring mail
  4024 | D:5      | Reached * piety under Sif Muna
  4153 | D:5      | Reached skill level 7 in Charms
  4164 | D:5      | Shot with an arrow by a centaur

Vault maps used:
D:1:      dpeg_arrival_water_fire
D:2:      first_bread
D:3:      serial_forest, infiniplex_forest_clump_diagonal,
          infiniplex_forest_corner_2, infiniplex_forest_clump_diagonal,
          infiniplex_forest_straight_3, nicolae_tso_swordbearing_angel
D:4:      tgw_trog, trog_three_pillars_becter
D:5:      nicolae_dithmenos_shadow_blocks, nicolae_overflow_hidden_temple,
          grunt_gozag_statues
Temple:   regret_index_temple_waves

Skill      XL: |  1  2  3  4  5  6  7 |
---------------+----------------------+-----
Conjurations   | 5 6 |  6.4
Stealth        | 3 4 |  4.0
Dodging        | 3 |  3.0
Spellcasting   | 4 5 |  5.0
Charms         | 6 7 |  7.3

Action                   |  1- 3 |  4- 6 |  7- 9 || total
-------------------------+-------+-------+-------++-------
Melee: Spear             |    15 |    11 |       ||    26
       Dagger            |       |     4 |     2 ||     6
 Cast: Magic Dart        |    57 |   107 |    21 ||   185
       Iskenderun's Myst |       |     5 |     4 ||     9
Invok: Divine Energy     |       |       |     1 ||     1
  Use: Scroll            |     3 |     8 |     2 ||    13
       Potion            |       |     2 |     1 ||     3
 Stab: Sleeping          |     2 |     2 |     1 ||     5
  Eat: Chunk             |     1 |     7 |     1 ||     9
       Fruit             |       |       |     1 ||     1
Armor: Robe              |     1 |     4 |     1 ||     6
Dodge: Dodged            |     5 |     6 |     6 ||    17
